Little Stars vs Admirals
Created - February 5, 2022 at 22:12
Goals
|
| Little Stars |
2 |
3 |
2 |
7 |
| Admirals |
0 |
0 |
0 |
0 |
|
Shots
|
| Little Stars |
15 |
8 |
10 |
33 |
| Admirals |
8 |
6 |
10 |
24 |
|
1st period
1. Little Stars , Adam Tambellini 13 (Tyler Wotherspoon 12) at 8:14
2. Little Stars , Jordan LaVallee 16 (Ilya Mikheyev 13, Daniel O'regan 25) at 11:21
Penalties :
Olli Juolevi (Mil) for Goalie Interference (Minor) at 15:15, Anton Gustafsson (Mil) for Roughing (Minor) at 19:15
2nd period
3. Little Stars , Sebastian Wannstrom 9 (Anton Cederholm 12, Adam Tambellini 9) at 6:40
4. Little Stars , Ilya Mikheyev 16 (Anton Cederholm 13, Daniel O'regan 26) at 16:02 (PP)
5. Little Stars , Jordan LaVallee 17 (Tyler Wotherspoon 13) at 18:53
Penalties :
Kasper Bjorkqvist (Mil) for Hooking (Minor) at 3:01, Markus Granlund (Mil) for Slashing (Minor) at 15:55
3rd period
6. Little Stars , Ilya Mikheyev 17 (Tucker Poolman 4) at 12:10
7. Little Stars , Adam Tambellini 14 (Tucker Poolman 5, Ilya Mikheyev 14) at 19:53
Penalties :
T.J Brodie (Mil) for Slashing (Minor) at 1:59, Riley Barber (Mil) for Hooking (Minor) at 15:33
Goalie Stats
Connor Knapp (Tex), 24 saves from 24 shots - (1.000), W, 10-5-1, 60:00 minutes
Felix Sanstrom (Mil), 8 saves from 10 shots - (0.800), 21:07 minutes
Tristan Jarry (Mil), 18 saves from 23 shots - (0.783), L, 5-8-3, 38:53 minutes
Players Stats for Little Stars
Player Name G A P +/- PIM S H SB GA TA FO MP PP MP PK MP
------------------------------------------------------------------------------------
Adam Tambellini 2 1 3 3 0 5 1 2 0 0 0/0 18:07 4:49 0:00
Anton Cederholm 0 2 2 4 0 0 1 2 0 0 0/0 26:25 5:17 0:00
Daniel O'regan 0 2 2 3 0 3 1 0 0 0 14/36 21:18 4:52 0:00
Emile Poirier 0 0 0 0 0 2 0 0 0 0 0/0 9:29 0:23 0:00
Eric Knodel 0 0 0 0 0 0 1 0 0 0 0/0 19:18 4:45 0:00
Henrik Borgstrom 0 0 0 3 0 2 0 0 0 0 4/5 18:07 4:49 0:00
Ilya Mikheyev 2 2 4 3 0 2 3 0 0 0 0/0 21:18 4:52 0:00
Jason Dickinson 0 0 0 0 0 1 0 0 0 0 1/2 11:30 0:21 0:00
Joakim Nygard 0 0 0 0 0 1 1 0 0 0 0/0 11:06 0:00 0:00
Jordan LaVallee 2 0 2 3 0 6 2 1 1 1 1/2 21:18 4:50 0:00
Matt Luff 0 0 0 0 0 0 2 0 0 0 0/0 9:05 0:00 0:00
Reece Willcox 0 0 0 0 0 1 1 2 0 0 0/0 19:18 4:45 0:00
Roman Horak 0 0 0 0 0 1 1 0 0 0 1/2 9:05 0:00 0:00
Sebastian Wannstrom 1 0 1 3 0 3 0 0 0 0 0/1 18:07 4:49 0:00
Tucker Poolman 0 2 2 2 0 1 2 1 0 0 0/0 14:17 0:00 0:00
Tyler Wotherspoon 0 2 2 4 0 5 3 3 0 2 0/0 26:25 5:17 0:00
Ville Pokka 0 0 0 2 0 0 0 1 0 0 0/0 14:17 0:00 0:00
Zach Budish 0 0 0 0 0 0 0 0 0 0 0/0 11:30 0:21 0:00
Players Stats for Admirals
Player Name G A P +/- PIM S H SB GA TA FO MP PP MP PK MP
------------------------------------------------------------------------------------
Anton Gustafsson 0 0 0 0 2 1 2 0 0 0 9/16 16:47 0:00 4:00
Blake Geoffrion 0 0 0 -1 0 4 2 0 1 0 1/1 15:42 0:00 1:38
Carl Dahlstrom 0 0 0 -1 0 0 1 0 0 0 0/0 6:47 0:00 0:36
Christian Djoos 0 0 0 -1 0 1 0 0 0 0 0/0 11:17 0:00 0:00
Freddie Hamilton 0 0 0 -1 0 1 1 0 0 0 0/3 9:26 0:00 1:25
Hunter Shinkaruk 0 0 0 -3 0 1 0 0 0 0 0/0 11:45 0:00 0:00
Joel Armia 0 0 0 -1 0 1 1 1 1 0 0/0 15:09 0:00 0:00
Josh Morrissey 0 0 0 -2 0 1 1 1 0 1 0/0 23:45 0:00 5:49
Kasper Bjorkqvist 0 0 0 -4 2 1 2 1 0 0 0/0 12:41 0:00 0:00
Lucas Wallmark 0 0 0 -3 0 1 0 0 0 0 1/2 11:22 0:00 0:00
Mark McNeill 0 0 0 0 0 1 3 0 0 0 0/0 16:34 0:00 2:31
Markus Granlund 0 0 0 -2 2 1 0 2 1 0 16/26 19:00 0:00 2:33
Mattias Backman 0 0 0 -2 0 1 1 1 0 0 0/0 18:47 0:00 4:13
Nicolas Deslauriers 0 0 0 -1 0 2 1 0 0 0 0/0 11:56 0:00 2:31
Nicolas Kerdiles 0 0 0 -1 0 4 3 0 0 0 0/0 20:32 0:00 5:26
Olli Juolevi 0 0 0 -1 2 0 0 0 0 0 0/0 6:11 0:00 0:00
Riley Barber 0 0 0 -1 2 0 0 0 0 0 0/0 8:42 0:00 0:00
T.J Brodie 0 0 0 -2 2 1 0 0 0 0 0/0 22:53 0:00 4:42
Travis Dermott 0 0 0 -2 0 2 0 0 0 0 0/0 18:47 0:00 4:13
Trevor Van Riemsdyk 0 0 0 -1 0 0 1 1 0 0 0/0 11:48 0:00 0:31
3 Stars
1 - Ilya Mikheyev (Tex)
2 - Adam Tambellini (Tex)
3 - Jordan LaVallee (Tex)
Power Play
Little Stars - 1 on 7 Attempt(s) - 14.29%
Admirals - 0 on 0 Attempt(s) - 0.00%
Penalty Kill
Little Stars - 0 on 0 Attempt(s) - 0.00%
- Score 0 goal in Penalty Kill
Admirals - 6 on 7 Attempt(s) - 85.71%
- Score 0 goal in Penalty Kill
Team Stat
Little Stars - Hits : 19 - Faceoff Wins : 21 - Blocked Shots : 12 - Penalty Minutes : 0
Admirals - Hits : 19 - Faceoff Wins : 27 - Blocked Shots : 7 - Penalty Minutes : 12
Official
Referees : Brandon Schrader and Steve Kozari
Linesman : Scott Cherrey and Tyson Baker
Game Notes
Felix Sanstrom enters game at 18:53 of 2nd period
0:28 of 3rd period - Penalty Shot by Mark McNeill for Admirals - Shot Misses the Net
Finance
Level 1 -- Attendance: 1843 (92.15%) -- Ticket Income $64,505
Level 2 -- Attendance: 863 (86.30%) -- Ticket Income $12,945
Total Attendance: 2706 (90.20%)
Total Ticket Income: $77,450
Other Income: $3,872
Total Income: $81,322
Little Stars
5 vs 5 Forward
Center Left Wing Right Wing Time % Phy DF OF
1 Daniel O'regan Jordan LaVallee Ilya Mikheyev 40 1 2 2
2 Henrik Borgstrom Adam Tambellini Sebastian Wannstrom 30 1 2 2
3 Jason Dickinson Joakim Nygard Zach Budish 20 1 2 2
4 Roman Horak Emile Poirier Matt Luff 10 1 2 2
5 vs 5 Defense
Defense Defense Time % Phy DF OF
1 Tyler Wotherspoon Anton Cederholm 40 1 2 2
2 Eric Knodel Reece Willcox 30 1 2 2
3 Tucker Poolman Ville Pokka 20 1 2 2
4 Tyler Wotherspoon Anton Cederholm 10 1 2 2
PowerPlay Forward
Center Left Wing Right Wing Time % Phy DF OF
1 Daniel O'regan Jordan LaVallee Ilya Mikheyev 60 0 2 3
2 Henrik Borgstrom Adam Tambellini Sebastian Wannstrom 40 0 3 2
PowerPlay Defense
Defense Defense Time % Phy DF OF
1 Tyler Wotherspoon Anton Cederholm 60 0 3 2
2 Eric Knodel Reece Willcox 40 0 2 3
Penalty Kill 4 Players Forward
Center Wing Time % Phy DF OF
1 Daniel O'regan Jordan LaVallee 60 0 3 2
2 Henrik Borgstrom Adam Tambellini 40 0 3 2
Penalty Kill 4 Players Defense
Defense Defense Time % Phy DF OF
1 Tyler Wotherspoon Anton Cederholm 60 0 3 2
2 Eric Knodel Reece Willcox 40 0 3 2
Penalty Kill - 3 Players Forward
Forward Time % Phy DF OF
1 Daniel O'regan 60 0 3 2
2 Henrik Borgstrom 40 0 3 2
Penalty Kill - 3 Players Defense
Defense Defense Time % Phy DF OF
1 Tyler Wotherspoon Anton Cederholm 60 0 3 2
2 Eric Knodel Reece Willcox 40 0 3 2
4 vs 4 Forward
Center Wing Time % Phy DF OF
1 Daniel O'regan Jordan LaVallee 60 0 2 3
2 Henrik Borgstrom Adam Tambellini 40 0 2 3
4 vs 4 Defense
Defense Defense Time % Phy DF OF
1 Tyler Wotherspoon Anton Cederholm 60 1 2 2
2 Eric Knodel Reece Willcox 40 1 2 2
Last Minutes Offensive
Center Left Wing Right Wing Defense Defense
Daniel O'regan Jordan LaVallee Ilya Mikheyev Tyler Wotherspoon Anton Cederholm
Last Minutes Defensive
Center Left Wing Right Wing Defense Defense
Daniel O'regan Jordan LaVallee Ilya Mikheyev Tyler Wotherspoon Anton Cederholm
Goaltenders
Starting : Connor Knapp
Backup : Dustin Tokarski
Extra Forwards
Normal : Daniel O'regan, Sebastian Wannstrom, Zach Budish - PP : Daniel O'regan, Sebastian Wannstrom - PK : Daniel O'regan
Extra Defensemen
Normal : Reece Willcox, Tucker Poolman, Ville Pokka - PP : Reece Willcox - PK : Reece Willcox, Tucker Poolman
Penalty Shots
Jordan LaVallee, Ilya Mikheyev, Adam Tambellini, Joakim Nygard, Daniel O'regan
Scratches
Daniil Tarasov (Healthy), Jean-Christophe Beaudin (Healthy), Justin Auger (Healthy), Lawrence Pilut (Healthy), Michael Mersch (Healthy)
Radel Fazleev (Healthy), Rudolfs Balcers (Healthy), Shane Gersich (Healthy), Yakov Trenin (Healthy), Frederic Allard (Healthy)
Joey Anderson (Healthy), Jonathan Dahlen (Healthy), Givani Smith (Healthy)
Admirals
5 vs 5 Forward
Center Left Wing Right Wing Time % Phy DF OF
1 Markus Granlund Nicolas Kerdiles Joel Armia 40 1 2 2
2 Anton Gustafsson Blake Geoffrion Mark McNeill 30 1 2 2
3 Lucas Wallmark Hunter Shinkaruk Kasper Bjorkqvist 20 1 2 2
4 Freddie Hamilton Nicolas Deslauriers Riley Barber 10 1 2 2
5 vs 5 Defense
Defense Defense Time % Phy DF OF
1 Josh Morrissey T.J Brodie 40 1 2 2
2 Mattias Backman Travis Dermott 30 1 2 2
3 Christian Djoos Trevor Van Riemsdyk 20 1 2 2
4 Carl Dahlstrom Olli Juolevi 10 1 2 2
PowerPlay Forward
Center Left Wing Right Wing Time % Phy DF OF
1 Markus Granlund Nicolas Kerdiles Joel Armia 60 1 2 2
2 Anton Gustafsson Blake Geoffrion Kasper Bjorkqvist 40 1 2 2
PowerPlay Defense
Defense Defense Time % Phy DF OF
1 Josh Morrissey T.J Brodie 60 1 2 2
2 Mattias Backman Travis Dermott 40 1 2 2
Penalty Kill 4 Players Forward
Center Wing Time % Phy DF OF
1 Anton Gustafsson Nicolas Kerdiles 60 1 2 2
2 Mark McNeill Nicolas Deslauriers 40 1 2 2
Penalty Kill 4 Players Defense
Defense Defense Time % Phy DF OF
1 Josh Morrissey T.J Brodie 60 1 2 2
2 Mattias Backman Travis Dermott 40 1 2 2
Penalty Kill - 3 Players Forward
Forward Time % Phy DF OF
1 Mark McNeill 60 1 2 2
2 Nicolas Deslauriers 40 1 2 2
Penalty Kill - 3 Players Defense
Defense Defense Time % Phy DF OF
1 Josh Morrissey T.J Brodie 60 1 2 2
2 Mattias Backman Carl Dahlstrom 40 1 2 2
4 vs 4 Forward
Center Wing Time % Phy DF OF
1 Anton Gustafsson Nicolas Kerdiles 60 1 2 2
2 Markus Granlund Blake Geoffrion 40 1 2 2
4 vs 4 Defense
Defense Defense Time % Phy DF OF
1 Josh Morrissey T.J Brodie 60 1 2 2
2 Mattias Backman Travis Dermott 40 1 2 2
Last Minutes Offensive
Center Left Wing Right Wing Defense Defense
Markus Granlund Nicolas Kerdiles Joel Armia Josh Morrissey T.J Brodie
Last Minutes Defensive
Center Left Wing Right Wing Defense Defense
Markus Granlund Nicolas Kerdiles Joel Armia Josh Morrissey T.J Brodie
Goaltenders
Starting : Tristan Jarry
Backup : Felix Sanstrom
Extra Forwards
Normal : Blake Geoffrion, Mark McNeill, Nicolas Deslauriers - PP : Blake Geoffrion, Mark McNeill - PK : Markus Granlund
Extra Defensemen
Normal : Trevor Van Riemsdyk, Carl Dahlstrom, Olli Juolevi - PP : Trevor Van Riemsdyk - PK : Trevor Van Riemsdyk, Carl Dahlstrom
Penalty Shots
Anton Gustafsson, Nicolas Kerdiles, Markus Granlund, Joel Armia, Blake Geoffrion
Scratches
Adam Almquist (Healthy), Alexandre Mallet (Healthy), Andreas Englund (Broken Bone (Right Foot) Injury), Brett Connolly (Healthy), Filip Chlapik (Healthy)
Josh Wesley (Healthy), Mark MacMillan (Healthy), Ryan Olsen (Healthy), Sergei Zborovskiy (Healthy), Stanislav Galiev (Healthy)
Troy Bourke (Healthy), Carsen Twarynski (Healthy), Libor Hajek (Healthy), Linus Ullmark (Healthy)
% Time on Ice - Little Stars
Lines # - Real PCT - Wanted PCT - Time Play
Normal Forward
1 - 33% - 40% - 16:28
2 - 27% - 30% - 13:19
3 - 22% - 20% - 11:06
4 - 18% - 10% - 9:05
Normal Defense
1 - 38% - 40% - 19:08
2 - 29% - 30% - 14:33
3 - 29% - 20% - 14:17
4 - 4% - 10% - 2:00
PP Forward
1 - 49% - 60% - 4:55
2 - 51% - 40% - 5:07
PP Defense
1 - 53% - 60% - 5:17
2 - 47% - 40% - 4:45
PK Forward
1 - 0% - 60%
2 - 0% - 40%
PK Defense
1 - 0% - 60%
2 - 0% - 40%
PK3 Forward
1 - 0% - 60%
2 - 0% - 40%
PK3 Defense
1 - 0% - 60%
2 - 0% - 40%
44 Forward
1 - 0% - 60%
2 - 0% - 40%
44 Defense
1 - 0% - 60%
2 - 0% - 40%
Last Minute Offensive - 0:00
Last Minute Defensive - 0:00
Total
Forward - 60:00
Defense - 60:00
|
% Time on Ice - Admirals
Lines # - Real PCT - Wanted PCT - Time Play
Normal Forward
1 - 34% - 40% - 17:07
2 - 27% - 30% - 13:44
3 - 23% - 20% - 11:22
4 - 16% - 10% - 7:45
Normal Defense
1 - 36% - 40% - 17:56
2 - 29% - 30% - 14:34
3 - 23% - 20% - 11:17
4 - 12% - 10% - 6:11
PP Forward
1 - 0% - 60%
2 - 0% - 40%
PP Defense
1 - 0% - 60%
2 - 0% - 40%
PK Forward
1 - 75% - 60% - 7:31
2 - 25% - 40% - 2:31
PK Defense
1 - 58% - 60% - 5:49
2 - 42% - 40% - 4:13
PK3 Forward
1 - 0% - 60%
2 - 0% - 40%
PK3 Defense
1 - 0% - 60%
2 - 0% - 40%
44 Forward
1 - 0% - 60%
2 - 0% - 40%
44 Defense
1 - 0% - 60%
2 - 0% - 40%
Last Minute Offensive - 0:00
Last Minute Defensive - 0:00
Total
Forward - 60:00
Defense - 60:00
|
Play-by-Play
1st period
0:01 of 1st period - Daniel O'regan wins face-off versus Markus Granlund in neutral zone.
0:08 of 1st period - Snap shot by Daniel O'regan.
0:08 of 1st period - Deflect By Ilya Mikheyev.
0:08 of 1st period - Shot Misses the Net.
0:08 of 1st period - Puck is out of play.
0:09 of 1st period - Markus Granlund wins face-off versus Daniel O'regan in Admirals zone.
0:17 of 1st period - Icing by Anton Cederholm.
0:18 of 1st period - Blake Geoffrion wins face-off versus Daniel O'regan in Little Stars zone.
1:28 of 1st period - Icing by Trevor Van Riemsdyk.
1:29 of 1st period - Roman Horak wins face-off versus Freddie Hamilton in Admirals zone.
1:32 of 1st period - Snap shot by Emile Poirier.
1:32 of 1st period - Stopped by Tristan Jarry with a rebound.
2:57 of 1st period - Slapshot by Matt Luff.
2:57 of 1st period - Deflect By Emile Poirier.
2:57 of 1st period - Stopped by Tristan Jarry with a rebound.
3:17 of 1st period - Snap shot by Anton Gustafsson.
3:17 of 1st period - Shot Misses the Net.
3:19 of 1st period - Snap shot by Mark McNeill.
3:19 of 1st period - Shot Misses the Net.
3:23 of 1st period - Snap shot by Blake Geoffrion.
3:23 of 1st period - Stopped by Connor Knapp without a rebound.
3:24 of 1st period - Daniel O'regan wins face-off versus Markus Granlund in Little Stars zone.
3:24 of 1st period - Daniel O'regan is hit by Joel Armia.
3:36 of 1st period - Snap shot by Jordan LaVallee.
3:36 of 1st period - Shot Misses the Net.
3:57 of 1st period - Eric Knodel is hit by Mark McNeill.
4:22 of 1st period - Wrist shot by Roman Horak.
4:22 of 1st period - Shot Misses the Net.
4:24 of 1st period - Snap shot by Roman Horak.
4:24 of 1st period - Stopped by Tristan Jarry with a rebound.
4:36 of 1st period - Tyler Wotherspoon is hit by Nicolas Deslauriers and loses puck.
4:41 of 1st period - Wrist shot by Nicolas Deslauriers.
4:41 of 1st period - Shot Blocked by Anton Cederholm.
4:43 of 1st period - Slapshot by Mattias Backman.
4:43 of 1st period - Deflect By Nicolas Deslauriers.
4:43 of 1st period - Shot Misses the Net.
4:43 of 1st period - Puck is out of play.
4:44 of 1st period - Markus Granlund wins face-off versus Daniel O'regan in Little Stars zone.
4:45 of 1st period - Slapshot by Joel Armia.
4:45 of 1st period - Shot Blocked by Tyler Wotherspoon.
5:39 of 1st period - Slapshot by Sebastian Wannstrom.
5:39 of 1st period - Shot Misses the Net.
6:32 of 1st period - Eric Knodel is hit by Mark McNeill and loses puck.
6:39 of 1st period - Slapshot by Reece Willcox.
6:39 of 1st period - Stopped by Tristan Jarry with a rebound.
7:55 of 1st period - Nicolas Deslauriers is hit by Joakim Nygard and loses puck.
8:14 of 1st period - Wrist shot by Adam Tambellini.
8:14 of 1st period - Goal by Adam Tambellini - Little Stars : 1 - Admirals : 0.
8:15 of 1st period - Markus Granlund wins face-off versus Daniel O'regan in neutral zone.
8:49 of 1st period - Snap shot by Anton Gustafsson.
8:49 of 1st period - Shot Misses the Net.
8:53 of 1st period - Snap shot by Blake Geoffrion.
8:53 of 1st period - Shot Blocked by Adam Tambellini.
8:57 of 1st period - Wrist shot by Blake Geoffrion.
8:57 of 1st period - Shot Misses the Net.
9:07 of 1st period - Snap shot by Adam Tambellini.
9:07 of 1st period - Stopped by Tristan Jarry with a rebound.
9:11 of 1st period - Snap shot by Joakim Nygard.
9:11 of 1st period - Stopped by Tristan Jarry without a rebound.
9:12 of 1st period - Jason Dickinson wins face-off versus Markus Granlund in Admirals zone.
9:15 of 1st period - Snap shot by Joakim Nygard.
9:15 of 1st period - Shot Misses the Net.
9:21 of 1st period - Snap shot by Nicolas Kerdiles.
9:21 of 1st period - Shot Blocked by Reece Willcox.
9:27 of 1st period - Slapshot by Markus Granlund.
9:27 of 1st period - Shot Misses the Net.
9:57 of 1st period - Mark McNeill is hit by Matt Luff and loses puck.
10:25 of 1st period - Snap shot by Henrik Borgstrom.
10:25 of 1st period - Stopped by Tristan Jarry without a rebound.
10:26 of 1st period - Markus Granlund wins face-off versus Daniel O'regan in Admirals zone.
10:37 of 1st period - Markus Granlund is hit by Ilya Mikheyev and loses puck.
11:00 of 1st period - Snap shot by Kasper Bjorkqvist.
11:00 of 1st period - Stopped by Connor Knapp with a rebound.
11:02 of 1st period - Wrist shot by Hunter Shinkaruk.
11:02 of 1st period - Stopped by Connor Knapp with a rebound.
11:04 of 1st period - Snap shot by Hunter Shinkaruk.
11:04 of 1st period - Deflect By Kasper Bjorkqvist.
11:04 of 1st period - Shot Blocked by Anton Cederholm.
11:04 of 1st period - Puck is out of play.
11:05 of 1st period - Anton Gustafsson wins face-off versus Daniel O'regan in Little Stars zone.
11:06 of 1st period - Wrist shot by Blake Geoffrion.
11:06 of 1st period - Shot Misses the Net.
11:17 of 1st period - Snap shot by Daniel O'regan.
11:17 of 1st period - Stopped by Tristan Jarry without a rebound.
11:18 of 1st period - Daniel O'regan wins face-off versus Markus Granlund in Admirals zone.
11:19 of 1st period - Slapshot by Ilya Mikheyev.
11:19 of 1st period - Shot Misses the Net.
11:21 of 1st period - Wrist shot by Jordan LaVallee.
11:21 of 1st period - Goal by Jordan LaVallee - Little Stars : 2 - Admirals : 0.
11:22 of 1st period - Daniel O'regan wins face-off versus Markus Granlund in neutral zone.
11:25 of 1st period - Snap shot by Jordan LaVallee.
11:25 of 1st period - Stopped by Tristan Jarry with a rebound.
11:47 of 1st period - Snap shot by Adam Tambellini.
11:47 of 1st period - Stopped by Tristan Jarry without a rebound.
11:48 of 1st period - Anton Gustafsson wins face-off versus Henrik Borgstrom in Admirals zone.
12:11 of 1st period - Reece Willcox is hit by Anton Gustafsson and loses puck.
12:22 of 1st period - Snap shot by Anton Gustafsson.
12:22 of 1st period - Shot Misses the Net.
12:32 of 1st period - Slapshot by Sebastian Wannstrom.
12:32 of 1st period - Shot Misses the Net.
12:36 of 1st period - Slapshot by Sebastian Wannstrom.
12:36 of 1st period - Stopped by Tristan Jarry without a rebound.
12:37 of 1st period - Jordan LaVallee wins face-off versus Markus Granlund in Admirals zone.
12:38 of 1st period - Snap shot by Daniel O'regan.
12:38 of 1st period - Stopped by Tristan Jarry with a rebound.
13:51 of 1st period - Wrist shot by Nicolas Kerdiles.
13:51 of 1st period - Shot Misses the Net.
14:45 of 1st period - Eric Knodel is hit by Josh Morrissey and loses puck.
15:06 of 1st period - Slapshot by Markus Granlund.
15:06 of 1st period - Shot Blocked by Reece Willcox.
15:08 of 1st period - Wrist shot by Joel Armia.
15:08 of 1st period - Stopped by Connor Knapp without a rebound.
15:09 of 1st period - Anton Gustafsson wins face-off versus Daniel O'regan in Little Stars zone.
15:10 of 1st period - Wrist shot by Blake Geoffrion.
15:10 of 1st period - Stopped by Connor Knapp with a rebound.
15:15 of 1st period - Minor Penalty to Olli Juolevi for Goalie Interference.
15:16 of 1st period - Anton Gustafsson wins face-off versus Daniel O'regan in Admirals zone.
15:32 of 1st period - Snap shot by Jordan LaVallee.
15:32 of 1st period - Stopped by Tristan Jarry with a rebound.
17:10 of 1st period - Nicolas Kerdiles is hit by Daniel O'regan and loses puck.
17:15 of 1st period - Penalty to Olli Juolevi is over, Olli Juolevi is back on ice.
17:48 of 1st period - Snap shot by Nicolas Deslauriers.
17:48 of 1st period - Shot Blocked by Tucker Poolman.
17:50 of 1st period - Snap shot by Christian Djoos.
17:50 of 1st period - Deflect By Riley Barber.
17:50 of 1st period - Shot Blocked by Ville Pokka.
17:50 of 1st period - Puck is out of play.
17:51 of 1st period - Lucas Wallmark wins face-off versus Jason Dickinson in Little Stars zone.
18:27 of 1st period - Wrist shot by Kasper Bjorkqvist.
18:27 of 1st period - Shot Misses the Net.
18:29 of 1st period - Slapshot by Hunter Shinkaruk.
18:29 of 1st period - Shot Misses the Net.
18:31 of 1st period - Snap shot by Lucas Wallmark.
18:31 of 1st period - Deflect By Emile Poirier.
18:31 of 1st period - Stopped by Connor Knapp with a rebound.
18:33 of 1st period - Slapshot by T.J Brodie.
18:33 of 1st period - Stopped by Connor Knapp with a rebound.
18:35 of 1st period - Slapshot by Josh Morrissey.
18:35 of 1st period - Stopped by Connor Knapp without a rebound.
18:36 of 1st period - Markus Granlund wins face-off versus Daniel O'regan in Little Stars zone.
19:02 of 1st period - Henrik Borgstrom is hit by Blake Geoffrion.
19:15 of 1st period - Minor Penalty to Anton Gustafsson for Roughing.
19:16 of 1st period - Markus Granlund wins face-off versus Daniel O'regan in Admirals zone.
19:28 of 1st period - T.J Brodie is hit by Ilya Mikheyev and loses puck.
Goals for this period are 2 for Little Stars vs 0 for Admirals.
Shots for this period are 15 for Little Stars vs 8 for Admirals.
2nd period
0:01 of 2nd period - Daniel O'regan wins face-off versus Markus Granlund in neutral zone.
0:42 of 2nd period - Nicolas Deslauriers is hit by Anton Cederholm and loses puck.
1:15 of 2nd period - Penalty to Anton Gustafsson is over, Anton Gustafsson is back on ice.
2:12 of 2nd period - Daniel O'regan is hit by Trevor Van Riemsdyk and loses puck.
2:29 of 2nd period - Ilya Mikheyev is hit by Nicolas Kerdiles and loses puck.
2:50 of 2nd period - Snap shot by Tyler Wotherspoon.
2:50 of 2nd period - Stopped by Tristan Jarry with a rebound.
2:54 of 2nd period - Backhand shot by Sebastian Wannstrom.
2:54 of 2nd period - Shot Misses the Net.
2:56 of 2nd period - Snap shot by Sebastian Wannstrom.
2:56 of 2nd period - Shot Misses the Net.
3:01 of 2nd period - Minor Penalty to Kasper Bjorkqvist for Hooking.
3:02 of 2nd period - Henrik Borgstrom wins face-off versus Anton Gustafsson in Admirals zone.
5:01 of 2nd period - Penalty to Kasper Bjorkqvist is over, Kasper Bjorkqvist is back on ice.
5:03 of 2nd period - Slapshot by Blake Geoffrion.
5:03 of 2nd period - Shot Misses the Net.
5:56 of 2nd period - Snap shot by Markus Granlund.
5:56 of 2nd period - Stopped by Connor Knapp with a rebound.
6:02 of 2nd period - Blake Geoffrion is hit by Tyler Wotherspoon and loses puck.
6:36 of 2nd period - Snap shot by Adam Tambellini.
6:36 of 2nd period - Shot Misses the Net.
6:38 of 2nd period - Snap shot by Adam Tambellini.
6:38 of 2nd period - Stopped by Tristan Jarry with a rebound.
6:40 of 2nd period - Snap shot by Anton Cederholm.
6:40 of 2nd period - Deflect By Sebastian Wannstrom.
6:40 of 2nd period - Goal by Sebastian Wannstrom - Little Stars : 3 - Admirals : 0.
6:41 of 2nd period - Daniel O'regan wins face-off versus Freddie Hamilton in neutral zone.
6:48 of 2nd period - Snap shot by Jordan LaVallee.
6:48 of 2nd period - Stopped by Tristan Jarry with a rebound.
6:50 of 2nd period - Wrist shot by Daniel O'regan.
6:50 of 2nd period - Shot Misses the Net.
6:54 of 2nd period - Wrist shot by Jordan LaVallee.
6:54 of 2nd period - Shot Blocked by Mattias Backman.
6:56 of 2nd period - Snap shot by Daniel O'regan.
6:56 of 2nd period - Deflect By Travis Dermott.
6:56 of 2nd period - Shot Misses the Net.
6:56 of 2nd period - Puck is out of play.
6:57 of 2nd period - Daniel O'regan wins face-off versus Freddie Hamilton in Admirals zone.
7:47 of 2nd period - Carl Dahlstrom is hit by Roman Horak and loses puck.
8:04 of 2nd period - Anton Gustafsson is hit by Jordan LaVallee.
10:14 of 2nd period - Freddie Hamilton is hit by Tucker Poolman and loses puck.
11:14 of 2nd period - Snap shot by Freddie Hamilton.
11:14 of 2nd period - Stopped by Connor Knapp with a rebound.
11:36 of 2nd period - Kasper Bjorkqvist is hit by Matt Luff and loses puck.
12:32 of 2nd period - Snap shot by Anton Gustafsson.
12:32 of 2nd period - Shot Misses the Net.
14:01 of 2nd period - Henrik Borgstrom is hit by Freddie Hamilton and loses puck.
14:50 of 2nd period - Eric Knodel is hit by Kasper Bjorkqvist and loses puck.
15:06 of 2nd period - Off-side.
15:07 of 2nd period - Markus Granlund wins face-off versus Sebastian Wannstrom in neutral zone.
15:15 of 2nd period - Slapshot by Markus Granlund.
15:15 of 2nd period - Shot Misses the Net.
15:17 of 2nd period - Slapshot by Nicolas Kerdiles.
15:17 of 2nd period - Stopped by Connor Knapp without a rebound.
15:18 of 2nd period - Markus Granlund wins face-off versus Daniel O'regan in Little Stars zone.
15:33 of 2nd period - Wrist shot by Daniel O'regan.
15:33 of 2nd period - Shot Blocked by Markus Granlund.
15:52 of 2nd period - Snap shot by Henrik Borgstrom.
15:52 of 2nd period - Stopped by Tristan Jarry without a rebound.
15:53 of 2nd period - Markus Granlund wins face-off versus Daniel O'regan in Admirals zone.
15:55 of 2nd period - Minor Penalty to Markus Granlund for Slashing.
15:56 of 2nd period - Daniel O'regan wins face-off versus Anton Gustafsson in Admirals zone.
15:56 of 2nd period - Snap shot by Ilya Mikheyev.
15:56 of 2nd period - Shot Misses the Net.
15:58 of 2nd period - Snap shot by Daniel O'regan.
15:58 of 2nd period - Stopped by Tristan Jarry with a rebound.
16:00 of 2nd period - Slapshot by Anton Cederholm.
16:00 of 2nd period - Shot Misses the Net.
16:02 of 2nd period - Snap shot by Ilya Mikheyev.
16:02 of 2nd period - Goal by Ilya Mikheyev - Little Stars : 4 - Admirals : 0.
16:03 of 2nd period - Markus Granlund wins face-off versus Daniel O'regan in neutral zone.
17:23 of 2nd period - Snap shot by Nicolas Deslauriers.
17:23 of 2nd period - Shot Misses the Net.
17:25 of 2nd period - Slapshot by Mattias Backman.
17:25 of 2nd period - Shot Misses the Net.
17:35 of 2nd period - Daniel O'regan is hit by Blake Geoffrion and loses puck.
17:40 of 2nd period - Wrist shot by Blake Geoffrion.
17:40 of 2nd period - Stopped by Connor Knapp without a rebound.
17:41 of 2nd period - Henrik Borgstrom wins face-off versus Anton Gustafsson in Little Stars zone.
17:52 of 2nd period - Wrist shot by Henrik Borgstrom.
17:52 of 2nd period - Shot Misses the Net.
17:56 of 2nd period - Snap shot by Adam Tambellini.
17:56 of 2nd period - Shot Misses the Net.
18:19 of 2nd period - Jason Dickinson is hit by Nicolas Kerdiles and loses puck.
18:51 of 2nd period - Snap shot by Jordan LaVallee.
18:51 of 2nd period - Shot Blocked by Trevor Van Riemsdyk.
18:53 of 2nd period - Wrist shot by Jordan LaVallee.
18:53 of 2nd period - Goal by Jordan LaVallee - Little Stars : 5 - Admirals : 0.
18:53 of 2nd period - Felix Sanstrom enters game.
18:54 of 2nd period - Markus Granlund wins face-off versus Jordan LaVallee in neutral zone.
18:57 of 2nd period - Snap shot by Nicolas Kerdiles.
18:57 of 2nd period - Stopped by Connor Knapp with a rebound.
19:00 of 2nd period - Icing by Ilya Mikheyev.
19:01 of 2nd period - Markus Granlund wins face-off versus Daniel O'regan in Little Stars zone.
19:02 of 2nd period - Backhand shot by Nicolas Kerdiles.
19:02 of 2nd period - Shot Misses the Net.
19:14 of 2nd period - Snap shot by Jordan LaVallee.
19:14 of 2nd period - Deflect By Daniel O'regan.
19:14 of 2nd period - Shot Misses the Net.
19:14 of 2nd period - Puck is out of play.
19:15 of 2nd period - Markus Granlund wins face-off versus Daniel O'regan in Admirals zone.
19:46 of 2nd period - Snap shot by Mark McNeill.
19:46 of 2nd period - Shot Misses the Net.
19:48 of 2nd period - Snap shot by Travis Dermott.
19:48 of 2nd period - Shot Blocked by Tyler Wotherspoon.
19:50 of 2nd period - Slapshot by Mattias Backman.
19:50 of 2nd period - Stopped by Connor Knapp with a rebound.
Goals for this period are 3 for Little Stars vs 0 for Admirals.
Shots for this period are 8 for Little Stars vs 6 for Admirals.
3rd period
0:01 of 3rd period - Markus Granlund wins face-off versus Daniel O'regan in neutral zone.
0:08 of 3rd period - T.J Brodie is hit by Ilya Mikheyev and loses puck.
0:28 of 3rd period - Penalty Shot by Mark McNeill for Admirals.
0:28 of 3rd period - Snap shot by Mark McNeill.
0:28 of 3rd period - Shot Misses the Net.
0:29 of 3rd period - Henrik Borgstrom wins face-off versus Anton Gustafsson in Admirals zone.
1:01 of 3rd period - Off-side.
1:02 of 3rd period - Markus Granlund wins face-off versus Daniel O'regan in neutral zone.
1:59 of 3rd period - Minor Penalty to T.J Brodie for Slashing.
2:00 of 3rd period - Henrik Borgstrom wins face-off versus Anton Gustafsson in Admirals zone.
2:30 of 3rd period - Slapshot by Travis Dermott.
2:30 of 3rd period - Stopped by Connor Knapp with a rebound.
2:32 of 3rd period - Snap shot by Mark McNeill.
2:32 of 3rd period - Shot Misses the Net.
2:34 of 3rd period - Slapshot by Travis Dermott.
2:34 of 3rd period - Shot Misses the Net.
2:36 of 3rd period - Wrist shot by Nicolas Deslauriers.
2:36 of 3rd period - Shot Blocked by Tyler Wotherspoon.
2:38 of 3rd period - Snap shot by Travis Dermott.
2:38 of 3rd period - Shot Misses the Net.
2:48 of 3rd period - Trevor Van Riemsdyk is hit by Tyler Wotherspoon.
3:06 of 3rd period - Trevor Van Riemsdyk is hit by Reece Willcox and loses puck.
3:47 of 3rd period - Carl Dahlstrom is hit by Tyler Wotherspoon and loses puck.
3:59 of 3rd period - Penalty to T.J Brodie is over, T.J Brodie is back on ice.
5:10 of 3rd period - Slapshot by Nicolas Deslauriers.
5:10 of 3rd period - Shot Hit the Post.
5:43 of 3rd period - Eric Knodel is hit by Anton Gustafsson.
7:36 of 3rd period - Christian Djoos is hit by Adam Tambellini.
8:15 of 3rd period - Sebastian Wannstrom is hit by Mattias Backman and loses puck.
8:46 of 3rd period - Snap shot by Nicolas Deslauriers.
8:46 of 3rd period - Stopped by Connor Knapp with a rebound.
8:48 of 3rd period - Slapshot by Trevor Van Riemsdyk.
8:48 of 3rd period - Shot Misses the Net.
8:50 of 3rd period - Slapshot by Joel Armia.
8:50 of 3rd period - Shot Misses the Net.
8:52 of 3rd period - Slapshot by Christian Djoos.
8:52 of 3rd period - Stopped by Connor Knapp with a rebound.
9:21 of 3rd period - Wrist shot by Blake Geoffrion.
9:21 of 3rd period - Deflect By Anton Gustafsson.
9:21 of 3rd period - Stopped by Connor Knapp with a rebound.
9:55 of 3rd period - Snap shot by Jason Dickinson.
9:55 of 3rd period - Stopped by Felix Sanstrom with a rebound.
9:57 of 3rd period - Snap shot by Emile Poirier.
9:57 of 3rd period - Shot Misses the Net.
9:59 of 3rd period - Wrist shot by Roman Horak.
9:59 of 3rd period - Shot Blocked by Markus Granlund.
10:01 of 3rd period - Wrist shot by Emile Poirier.
10:01 of 3rd period - Shot Blocked by Joel Armia.
10:03 of 3rd period - Slapshot by Tucker Poolman.
10:03 of 3rd period - Deflect By Markus Granlund.
10:03 of 3rd period - Stopped by Felix Sanstrom with a rebound.
10:20 of 3rd period - Off-side.
10:21 of 3rd period - Anton Gustafsson wins face-off versus Daniel O'regan in neutral zone.
10:23 of 3rd period - Off-side.
10:24 of 3rd period - Anton Gustafsson wins face-off versus Daniel O'regan in neutral zone.
10:28 of 3rd period - Icing by Eric Knodel.
10:29 of 3rd period - Anton Gustafsson wins face-off versus Daniel O'regan in Little Stars zone.
10:38 of 3rd period - Slapshot by Anton Gustafsson.
10:38 of 3rd period - Shot Blocked by Jordan LaVallee.
11:26 of 3rd period - Slapshot by Tyler Wotherspoon.
11:26 of 3rd period - Deflect By Nicolas Kerdiles.
11:26 of 3rd period - Stopped by Felix Sanstrom with a rebound.
11:28 of 3rd period - Slapshot by Tyler Wotherspoon.
11:28 of 3rd period - Shot Misses the Net.
11:42 of 3rd period - Slapshot by Travis Dermott.
11:42 of 3rd period - Stopped by Connor Knapp with a rebound.
11:50 of 3rd period - Slapshot by Joakim Nygard.
11:50 of 3rd period - Shot Misses the Net.
12:05 of 3rd period - Travis Dermott is hit by Tucker Poolman and loses puck.
12:10 of 3rd period - Slapshot by Ilya Mikheyev.
12:10 of 3rd period - Goal by Ilya Mikheyev - Little Stars : 6 - Admirals : 0.
12:11 of 3rd period - Anton Gustafsson wins face-off versus Daniel O'regan in neutral zone.
12:42 of 3rd period - Adam Tambellini is hit by Nicolas Kerdiles and loses puck.
12:47 of 3rd period - Wrist shot by Nicolas Kerdiles.
12:47 of 3rd period - Shot Misses the Net.
12:49 of 3rd period - Slapshot by Josh Morrissey.
12:49 of 3rd period - Shot Blocked by Adam Tambellini.
13:21 of 3rd period - Snap shot by Sebastian Wannstrom.
13:21 of 3rd period - Stopped by Felix Sanstrom without a rebound.
13:22 of 3rd period - Daniel O'regan wins face-off versus Lucas Wallmark in Admirals zone.
13:47 of 3rd period - Reece Willcox is hit by Carl Dahlstrom and loses puck.
13:56 of 3rd period - Snap shot by Nicolas Kerdiles.
13:56 of 3rd period - Shot Misses the Net.
13:58 of 3rd period - Wrist shot by Joel Armia.
13:58 of 3rd period - Shot Misses the Net.
14:00 of 3rd period - Snap shot by Nicolas Kerdiles.
14:00 of 3rd period - Stopped by Connor Knapp without a rebound.
14:01 of 3rd period - Daniel O'regan wins face-off versus Anton Gustafsson in Little Stars zone.
14:08 of 3rd period - Snap shot by Blake Geoffrion.
14:08 of 3rd period - Stopped by Connor Knapp without a rebound.
14:09 of 3rd period - Anton Gustafsson wins face-off versus Daniel O'regan in Little Stars zone.
14:10 of 3rd period - Wrist shot by Mark McNeill.
14:10 of 3rd period - Shot Misses the Net.
14:12 of 3rd period - Snap shot by Mark McNeill.
14:12 of 3rd period - Stopped by Connor Knapp without a rebound.
14:13 of 3rd period - Daniel O'regan wins face-off versus Markus Granlund in Little Stars zone.
14:22 of 3rd period - T.J Brodie is hit by Jordan LaVallee and loses puck.
15:04 of 3rd period - Lucas Wallmark is hit by Eric Knodel and loses puck.
15:33 of 3rd period - Minor Penalty to Riley Barber for Hooking.
15:34 of 3rd period - Daniel O'regan wins face-off versus Anton Gustafsson in Admirals zone.
15:41 of 3rd period - Snap shot by Jordan LaVallee.
15:41 of 3rd period - Shot Hit the Post.
15:48 of 3rd period - Wrist shot by Jordan LaVallee.
15:48 of 3rd period - Stopped by Felix Sanstrom with a rebound.
16:06 of 3rd period - Slapshot by Tyler Wotherspoon.
16:06 of 3rd period - Stopped by Felix Sanstrom with a rebound.
16:08 of 3rd period - Slapshot by Tyler Wotherspoon.
16:08 of 3rd period - Stopped by Felix Sanstrom with a rebound.
16:10 of 3rd period - Snap shot by Henrik Borgstrom.
16:10 of 3rd period - Shot Blocked by Josh Morrissey.
16:54 of 3rd period - Tyler Wotherspoon is hit by Mark McNeill and loses puck.
17:33 of 3rd period - Penalty to Riley Barber is over, Riley Barber is back on ice.
18:08 of 3rd period - Wrist shot by Nicolas Deslauriers.
18:08 of 3rd period - Stopped by Connor Knapp with a rebound.
18:50 of 3rd period - Tyler Wotherspoon is hit by Kasper Bjorkqvist and loses puck.
19:12 of 3rd period - Snap shot by Nicolas Kerdiles.
19:12 of 3rd period - Stopped by Connor Knapp without a rebound.
19:13 of 3rd period - Markus Granlund wins face-off versus Roman Horak in Little Stars zone.
19:51 of 3rd period - Wrist shot by Tucker Poolman.
19:51 of 3rd period - Shot Blocked by Kasper Bjorkqvist.
19:53 of 3rd period - Snap shot by Adam Tambellini.
19:53 of 3rd period - Goal by Adam Tambellini - Little Stars : 7 - Admirals : 0.
19:54 of 3rd period - Daniel O'regan wins face-off versus Markus Granlund in neutral zone.
19:57 of 3rd period - Slapshot by Tyler Wotherspoon.
19:57 of 3rd period - Stopped by Felix Sanstrom without a rebound.
19:58 of 3rd period - Daniel O'regan wins face-off versus Markus Granlund in Admirals zone.
Goals for this period are 2 for Little Stars vs 0 for Admirals.
Shots for this period are 10 for Little Stars vs 10 for Admirals.
Output by the SimonT Hockey Simulator (STHS) for Francois Prevost